Match 41509500
Unlisted

Match 41509500
End
Construct Section Command Post
Royal Engineer Section
Infantry Section
Infantry Section
Infantry Section
Grenade Package
Infantry Section
Construct Platoon Command Post
CMP 15cwt Truck
Selects Air and Sea Battlegroup
Selects Air and Sea Battlegroup
Selects Commando Section Paradrop
Selects M1 Pack Howitzer Paradrop
M1 Pack Howitzer Paradrop
Scooby
joker
[NiP] SimplyBest
aion907(ROK)
506767261
嫂子开门我是我哥
皮皮
0
0

Comments sign in to comment!

No comments posted yet!